Arrhythmia, neutral female human Tourist --------------- |.............| |.............+ |.............| |...)o@..f....| --.------------ ## -----###########0 |...|# # ##....|# # -------- # |...|# # |.......##### |....#%#)# # |......| |...|# # ----|---- |.......## |...|) ##+..`....| |......| # -----# |.......| |......| ################........| |......| --------- -------- Arrhythmia the Sightseer Experience level: 5 Strength: 14 Dexterity: 12 Constitution: 16 Intelligence: 10 Wisdom: 6 Charisma: 14 Health: 0(37) Energy: 19(19) AC: 6 Gold: 773 Moves: 2261 Your Inventory: Coins $ - 773 gold pieces Amulets q - a [cursed] oval amulet [of restful sleep] Weapons a - 5 uncursed +2 darts (in quiver) G - an [uncursed +0] curved sword [scimitar] (weapon in hand) Armor n - an uncursed +0 Hawaiian shirt (being worn) s - a cursed -2 helm of brilliance (being worn) z - an [uncursed] +0 studded leather armor (being worn) H - a [blessed] +0 hooded cloak [dwarvish] (being worn) I - an [uncursed] +0 pair of hard shoes [iron] (being worn) Comestibles c - 3 uncursed food rations g - an uncursed [stale] egg h - an uncursed Hot Futa Mare Dick K - an [uncursed] fortune cookie Scrolls m - 4 uncursed scrolls of magic mapping u - an [uncursed] scroll labeled FNORD [of identify] M - an [uncursed] scroll labeled KERNOD WEL [of fire] O - a [blessed] unlabeled scroll [of blank paper] Spellbooks F - an [uncursed] leather-bound spellbook [of magic missile] Potions k - an uncursed potion of extra healing l - a blessed potion of extra healing Tools o - an uncursed expensive camera (0:52) p - an uncursed credit card v - an [uncursed] towel J - an [uncursed] looking glass [mirror] Gems r - an [uncursed] black gem [worthless glass] C - an [uncursed] red gem [worthless glass] D - an [uncursed] green gem [worthless glass] L - 2 [uncursed] orange gems [agate] Spells known in the end: Name Level Category Fail Memory Your skills at the end: Fighting Skills Weapon Skills dart [Basic / Expert] Spellcasting Skills Final Attributes: You had sinned. Hunger level was 761. Your alignment was -4 / 21. Monster difficulty range was 0 - 5. Level difficulty was 5. Your luck was zero. You are dead. Vanquished creatures: a rock piercer a straw golem a paper golem a little dog 2 kittens a dwarf a hill orc a rothe an acid blob 3 hobgoblins a cave spider 2 gnome zombies 3 geckos 2 jackals a fox a sewer rat 7 grid bugs 2 lichens 7 newts 39 creatures vanquished. Voluntary challenges: You were an atheist. You used a wielded weapon 19 times. You read items or engraved 398 times. You put on armor 5 times. You never genocided any monsters. You never polymorphed an object. You never changed form. You used no wishes. You wrote Elbereth's name 80 times. You never encountered a bones level. You never used any Sokoban shortcuts. Dungeon overview: The Dungeons of Doom: levels 1 to 5 Level 1 some fountains a long staircase Level 2 a fountain Level 3 a fountain a long staircase Level 4 a fountain Level 5 <- You were here History has recorded: On T:1 you entered the Dungeons of Doom to retrieve the Amulet of Yendor! On T:494 you reached level 2 of The Dungeons of Doom. On T:696 you advanced to experience level 2. On T:706 you reached level 3 of The Dungeons of Doom. On T:911 you advanced to experience level 3. On T:1176 you advanced to experience level 4. On T:1487 you reached level 4 of The Dungeons of Doom. On T:1807 you reached level 5 of The Dungeons of Doom. On T:1923 you advanced to experience level 5. Latest messages: Hmmm, it seems to be locked. [HP+1=24] You stop picking the lock. [6 turns] Never mind. Hmmm, it seems to be locked. You resume your attempt at picking the lock. The hill orc throws a dart! You are hit by a dart. You stop picking the lock. [HP-3=21] The dart hits the hill orc. The dart hits the hill orc. The dart hits the hill orc. The hill orc swings her curved sword. The hill orc hits! [HP-9=12] The dart hits the hill orc. The hill orc swings her curved sword. The hill orc hits! You die... Final status: Aloha Arrhythmia the Tourist... You died in The Dungeons of Doom on dungeon level 5 with 1447 points, and 773 pieces of gold, after 2261 moves. You were level 5 with a maximum of 37 hit points when you died.